Map: [EWC] Oceanborn

Players

Solar

  • Race: Zerg Zerg
  • Spawn Location: 5:00

Reynor - Winner!

  • Race: Zerg Zerg
  • Spawn Location: 11:00

Event: Esports World Cup 2024

VOD

Have the link to the VOD?

Description

Time

  • Played on: Aug. 16, 2024, 5:18 a.m.
  • Length: 18:28

All games in this series

Show
View Real Time Build Order
Export as new Build Order

Solar Zerg 

Build Orders: Hatch First, Lurkers 

Get SALT Encoding   

  12  0:00  Drone  
  13  0:12  Overlord  
  13  0:17  Drone  
  14  0:30  Drone  
  14  0:31  Drone  
  16  0:48  Hatchery  
  15  0:51  Drone  
  15  0:54  Drone  
  17  0:57  Drone  
  18  1:09  Extractor  
  17  1:13  Spawning Pool  
  17  1:15  Drone  
  17  1:18  Drone  
  18  1:29  Drone  
  19  1:39  Drone  
  20  1:49  Drone  
  21  2:00  Queen x2  
  21  2:01  Zergling x2  
  26  2:02  Overlord  
  26  2:09  Metabolic Boost  
  26  2:10  Drone  
  26  2:11  Drone  
  28  2:21  Drone  
  28  2:22  Zergling x2  
  30  2:33  Hatchery  
  30  2:35  Drone  
  30  2:43  Queen  
  32  2:50  Drone, Baneling Nest  
  31  2:54  Overlord  
  31  2:57  Drone  
  32  2:59  Drone  
  32  3:02  Drone  
  32  3:05  Drone  
  35  3:13  Zergling x4  
  35  3:14  Drone, Zergling x2  
  35  3:19  Drone x2  
  41  3:25  Drone, Evolution Chamber  
  41  3:29  Overlord  
  41  3:31  Drone  
  41  3:33  Baneling x2  
  42  3:35  Baneling x2  
  42  3:37  Zergling x2  
  43  3:43  Zergling x2  
  43  3:45  Drone x2  
  43  3:48  Zergling x6  
  48  3:54  Drone  
  48  3:55  Drone  
  51  3:59  Overlord  
  51  4:02  Drone x2  
  53  4:03  Zergling x4  
  53  4:07  Drone  
  56  4:14  Zergling x4  
  53  4:17  Queen  
  53  4:18  Zerg Missile Weapons Level 1  
  53  4:23  Extractor  
  54  4:25  Roach Warren, Drone x2  
  54  4:26  Drone  
  54  4:30  Drone  
  54  4:31  Drone  
  58  4:32  Drone  
  58  4:33  Drone  
  58  4:36  Drone  
  58  4:38  Overlord  
  61  4:45  Overlord  
  60  4:47  Overlord  
  59  4:52  Extractor  
  58  5:00  Drone x2  
  58  5:01  Drone  
  58  5:02  Drone  
  58  5:04  Roach x4  
  58  5:05  Roach x2  
  74  5:07  Roach  
  74  5:13  Roach x2  
  80  5:18  Overlord  
  80  5:21  Overlord  
  80  5:26  Roach x4  
  80  5:27  Overlord  
  88  5:33  Overlord  
  88  5:38  Roach x4  
  96  5:44  Overlord  
  96  5:45  Roach x3  
  104  5:50  Roach  
  104  5:53  Roach  
  105  6:02  Extractor  
  105  6:03  Drone x6  
  110  6:04  Lair  
  110  6:06  Extractor  
  110  6:10  Roach  
  111  6:11  Roach  
  111  6:14  Roach  
  111  6:17  Drone x3  
  118  6:18  Roach  
  118  6:19  Roach  
  118  6:20  Overlord  
  118  6:21  Drone  
  123  6:28  Drone x2  
  123  6:30  Drone  
  123  6:31  Drone x2  
  128  6:39  Drone  
  129  6:40  Drone  
  129  6:42  Pneumatized Carapace  
  129  6:43  Hatchery  
  129  6:46  Drone x2  
  131  6:48  Drone  
  131  6:49  Drone x2  
  131  6:51  Extractor  
  131  6:53  Overlord  
  133  6:55  Ravager  
  133  6:56  Overlord, Ravager x3  
  133  6:58  Drone  
  138  7:03  Glial Reconstitution  
  138  7:04  Overseer  
  138  7:06  Overlord  
  137  7:09  Baneling x3  
  137  7:13  Roach x2  
  141  7:17  Roach x2  
  141  7:18  Overlord  
  141  7:20  Overlord  
  145  7:26  Overlord  
  145  7:34  Overseer, Roach x2  
  149  7:39  Drone  
  149  7:41  Spore Crawler, Drone  
  149  7:43  Spore Crawler, Roach x6  
  161  7:47  Roach x2  
  161  7:49  Roach  
  161  7:50  Roach  
  169  7:54  Zerg Missile Weapons Level 2  
  169  7:55  Queen  
  169  7:56  Drone  
  169  7:57  Spore Crawler, Roach x2  
  175  8:01  Roach x2  
  175  8:02  Roach  
  181  8:07  Roach x2  
  181  8:11  Roach x3  
  191  8:14  Overlord  
  190  8:20  Overlord  
  190  8:21  Ravager  
  190  8:23  Overlord  
  190  8:25  Extractor  
  190  8:27  Overlord  
  188  8:31  Overlord  
  188  8:32  Overlord  
  188  8:34  Roach x4  
  188  8:40  Roach  
  198  8:44  Roach x2  
  198  8:47  Roach x2  
  198  8:49  Burrow  
  198  8:50  Tunneling Claws  
  197  9:01  Roach  
  198  9:05  Ravager  
  195  9:32  Roach x3  
  195  9:36  Roach x2  
  199  9:40  Roach x2  
  198  9:46  Infestation Pit  
  198  9:51  Roach  
  198  9:52  Roach x8  
  199  9:59  Ravager, Roach x2  
  192  10:03  Roach x5  
  192  10:04  Roach x3  
  192  10:06  Roach x7  
  199  10:07  Roach x3  
  199  10:08  Roach x3  
  199  10:09  Roach  
  199  10:11  Zerg Ground Armor Level 1  
  199  10:20  Roach x3  
  199  10:22  Roach x4  
  199  10:31  Spine Crawler  
  199  10:32  Spine Crawler, Hive  
  199  10:33  Spine Crawler, Roach x2  
  192  10:35  Roach x2  
  192  10:36  Overseer x2  
  192  10:38  Roach x7  
  192  10:41  Roach  
  198  10:43  Roach  
  198  10:46  Roach  
  198  10:47  Roach x5  
  199  10:52  Roach x6  
  199  10:56  Roach x10  
  185  10:57  Roach x6  
  185  11:02  Spine Crawler  
  190  11:07  Roach x6  
  190  11:08  Roach  
  190  11:10  Hydralisk Den  
  190  11:11  Ravager x2  
  199  11:21  Overseer  
  199  11:38  Roach x14  
  189  11:47  Lurker Den  
  189  11:48  Roach x5  
  198  11:59  Grooved Spines  
  198  12:03  Extractor  
  198  12:05  Zerg Missile Weapons Level 3  
  197  12:12  Hatchery  
  196  12:18  Hydralisk  
  196  12:20  Drone  
  191  12:31  Drone x2  
  191  12:33  Hydralisk x7  
  195  12:45  Seismic Spines  
  195  12:48  Roach x2  
  195  12:49  Muscular Augments  
  195  13:03  Overseer, Hydralisk x4  
  199  13:07  Roach x7  
  197  13:21  Lurker x2  
  199  13:29  Roach x5  
  199  13:30  Roach x2  
  199  13:36  Hydralisk x3  
  193  13:42  Adaptive Talons  
  193  13:44  Lurker x5  
  193  13:48  Overlord  
  198  13:50  Drone  
  187  14:00  Hydralisk x9  
  196  14:18  Viper  
  199  14:37  Nydus Network  
  198  14:41  Zerg Ground Armor Level 2  
  189  14:49  Viper x2  
  189  14:50  Drone x3  
  189  14:53  Spore Crawler, Extractor x2  
  189  14:54  Spine Crawler, Drone, Hydralisk x6  
  189  14:59  Lurker  
  195  15:11  Drone x3  
  193  15:16  Nydus Canal  
  185  15:22  Hydralisk x8  
  185  15:27  Lurker x7  
  185  15:28  Lurker x2  
  198  15:31  Hydralisk  
  196  15:42  Hydralisk x6  
  190  15:51  Hydralisk x2  
  192  16:11  Hatchery  
  185  16:13  Nydus Canal  
  169  16:22  Lurker  
  169  16:24  Lurker x6  
  176  16:27  Overseer  
  176  16:31  Nydus Canal  
  176  16:36  Hydralisk x3  
  176  16:38  Hydralisk  
  180  16:41  Hydralisk  
  180  16:45  Hydralisk  
  178  16:47  Hydralisk  
  177  16:56  Hydralisk  
  177  16:57  Hydralisk  
  177  17:08  Hydralisk x3  
  164  17:13  Hydralisk  
  164  17:14  Roach x7  
  151  17:20  Hydralisk x2  
  153  17:23  Hydralisk  
  153  17:27  Hydralisk  
  143  17:31  Overseer  
  143  17:37  Hydralisk x3  
  143  17:41  Hydralisk  
  151  17:50  Hydralisk x2  
  140  17:58  Viper  
  140  17:59  Viper  
  140  18:02  Hydralisk  
  133  18:05  Nydus Canal  
Show
View Real Time Build Order
Export as new Build Order

Reynor Zerg - Winner!

Build Orders: Hatch First, Lurkers 

Get SALT Encoding   

  12  0:00  Drone  
  13  0:12  Overlord  
  13  0:16  Drone  
  14  0:30  Drone x2  
  16  0:47  Hatchery  
  15  0:51  Drone  
  15  0:54  Drone  
  17  0:57  Drone  
  18  1:09  Extractor  
  17  1:13  Spawning Pool  
  17  1:16  Drone  
  17  1:19  Drone  
  18  1:28  Drone  
  19  1:39  Drone  
  20  1:49  Drone  
  21  1:59  Overlord  
  21  2:00  Zergling x2, Queen x2  
  26  2:08  Metabolic Boost  
  26  2:10  Drone  
  26  2:11  Drone  
  28  2:21  Drone, Zergling x2  
  30  2:32  Hatchery  
  30  2:34  Drone  
  30  2:38  Drone  
  30  2:43  Baneling Nest  
  30  2:45  Drone  
  30  2:50  Overlord  
  31  2:54  Drone x2  
  33  3:07  Zergling x6  
  33  3:10  Zergling x6  
  33  3:11  Zergling x2  
  39  3:14  Overlord  
  39  3:17  Zergling x2  
  41  3:20  Zergling x2  
  41  3:29  Baneling  
  41  3:30  Baneling  
  41  3:31  Roach Warren, Zergling x2  
  41  3:33  Drone  
  42  3:40  Drone x3  
  45  3:50  Drone  
  45  3:51  Overlord  
  45  3:53  Drone x3  
  48  3:56  Drone x2  
  48  3:58  Drone  
  51  4:06  Queen  
  52  4:11  Overlord  
  47  4:18  Zergling x4  
  47  4:21  Roach x4  
  56  4:25  Extractor  
  56  4:26  Roach x2  
  56  4:29  Drone  
  56  4:30  Drone  
  61  4:33  Roach  
  62  4:39  Roach x3  
  62  4:41  Drone  
  68  4:47  Drone  
  68  4:49  Overlord  
  68  4:50  Drone  
  70  4:54  Drone  
  70  4:56  Overlord  
  70  4:57  Drone x2  
  70  4:58  Drone  
  74  5:03  Extractor  
  74  5:04  Overlord  
  72  5:09  Drone x2  
  72  5:10  Roach  
  72  5:11  Roach  
  80  5:14  Roach  
  80  5:19  Drone  
  80  5:20  Overlord  
  83  5:21  Roach  
  83  5:24  Roach  
  83  5:25  Roach x2  
  83  5:28  Roach  
  90  5:33  Roach x3  
  95  5:40  Evolution Chamber  
  94  5:44  Roach x3  
  94  5:48  Drone x2  
  94  5:49  Drone  
  103  5:50  Overlord  
  103  5:54  Drone x2  
  105  5:57  Overlord  
  105  6:00  Lair  
  104  6:04  Drone  
  104  6:07  Zerg Missile Weapons Level 1  
  104  6:09  Drone x4  
  109  6:11  Drone  
  109  6:12  Drone  
  109  6:16  Drone x3  
  109  6:18  Drone  
  115  6:21  Pneumatized Carapace  
  115  6:22  Drone, Extractor  
  115  6:24  Drone  
  116  6:27  Drone x2  
  116  6:28  Drone  
  116  6:31  Roach  
  121  6:33  Overlord  
  121  6:34  Extractor  
  121  6:35  Roach  
  121  6:39  Spine Crawler  
  121  6:40  Spine Crawler  
  121  6:41  Roach  
  121  6:42  Overlord  
  122  6:54  Drone x3  
  122  6:57  Extractor  
  122  6:58  Overseer  
  122  6:59  Overlord, Glial Reconstitution  
  122  7:01  Roach x6  
  137  7:02  Drone  
  138  7:09  Overlord  
  138  7:11  Overlord  
  138  7:14  Overlord  
  138  7:15  Spine Crawler  
  137  7:16  Ravager  
  137  7:22  Drone x2  
  140  7:27  Overlord  
  140  7:28  Roach x2  
  140  7:29  Roach x3  
  151  7:32  Roach x2  
  151  7:36  Drone  
  156  7:39  Spore Crawler  
  156  7:40  Ravager x2  
  156  7:43  Roach x2  
  156  7:44  Roach x2  
  164  7:45  Drone  
  164  7:49  Evolution Chamber  
  164  7:54  Hatchery  
  164  7:57  Overlord  
  164  7:58  Roach x6  
  175  8:05  Zerg Missile Weapons Level 2  
  175  8:08  Ravager x3  
  175  8:10  Overlord  
  175  8:12  Overlord  
  178  8:22  Roach x4  
  178  8:23  Zerg Ground Armor Level 1  
  178  8:25  Overlord  
  186  8:31  Roach x5  
  196  8:34  Overlord  
  196  8:43  Roach x2  
  199  8:57  Drone  
  199  9:00  Burrow  
  199  9:01  Tunneling Claws  
  198  9:34  Roach x4  
  200  9:44  Roach x2  
  200  9:50  Extractor  
  200  9:52  Roach  
  200  9:57  Roach x3  
  197  10:04  Roach x4  
  190  10:13  Roach x9  
  200  10:14  Overseer  
  196  10:27  Spore Crawler  
  193  10:33  Roach x5  
  194  10:37  Roach x6  
  200  10:45  Roach x2  
  200  10:49  Roach x5  
  199  10:50  Roach  
  199  10:51  Roach x3  
  199  10:52  Roach  
  200  11:00  Zerg Ground Armor Level 2  
  200  11:01  Infestation Pit  
  200  11:02  Spore Crawler  
  198  11:05  Roach  
  198  11:08  Spine Crawler  
  199  11:14  Roach x8  
  199  11:17  Overseer  
  197  11:21  Drone x5  
  200  11:46  Roach x7  
  200  11:47  Hive  
  200  11:50  Spore Crawler  
  197  11:55  Queen  
  197  11:56  Drone  
  200  12:01  Hydralisk Den  
  200  12:05  Roach x4  
  197  12:14  Ravager x3  
  200  12:19  Roach x3  
  195  12:32  Roach x4  
  195  12:34  Roach  
  195  12:37  Muscular Augments, Lurker Den  
  197  12:41  Extractor  
  193  12:57  Hydralisk x4  
  193  13:06  Drone x6  
  193  13:09  Spore Crawler  
  193  13:10  Spine Crawler  
  193  13:12  Zerg Missile Weapons Level 3  
  195  13:13  Roach x21  
  195  13:18  Hydralisk x2  
  195  13:20  Zerg Ground Armor Level 3  
  195  13:21  Queen  
  197  13:30  Ravager, Roach  
  190  13:47  Seismic Spines  
  190  13:50  Drone x3  
  190  13:55  Overlord x4  
  193  13:59  Overlord  
  193  14:01  Lurker  
  190  14:15  Viper x3  
  197  14:31  Lurker x3  
  200  14:41  Hatchery  
  197  14:46  Roach x3  
  197  14:47  Roach  
  197  14:48  Roach x4  
  197  14:50  Grooved Spines  
  197  14:51  Adaptive Talons  
  198  14:54  Overlord  
  198  14:56  Hydralisk  
  200  15:03  Overseer  
  200  15:04  Roach x3  
  200  15:05  Roach  
  200  15:34  Hydralisk x2  
  200  15:35  Hydralisk x3  
  190  15:50  Viper x4  
  194  16:00  Hydralisk x4  
  194  16:01  Hydralisk x2  
  196  16:11  Hydralisk x4  
  192  16:17  Lurker x2  
  182  16:19  Drone x4  
  182  16:23  Lurker x3  
  182  16:24  Hydralisk x5  
  199  16:28  Overlord  
  199  16:31  Extractor  
  199  16:32  Spine Crawler x3, Overseer  
  195  16:34  Spore Crawler, Overseer, Extractor  
  184  16:46  Roach x9  
  196  16:47  Roach x2  
  196  16:53  Overseer  
  196  16:57  Roach  
  196  16:58  Roach x2  
  190  17:04  Overseer x2, Hydralisk x6  
  190  17:07  Roach  
  167  17:11  Roach  
  138  17:17  Roach x2  
  138  17:24  Roach  
  138  17:26  Queen, Hydralisk x2  
  138  17:31  Roach  
  138  17:33  Lurker  
  138  17:34  Lurker x2  
  143  17:38  Drone  
  143  17:41  Roach x3  
  143  17:43  Roach  
  153  17:49  Hydralisk x2  
  156  17:54  Hydralisk x10  
  156  17:55  Roach  
  150  17:59  Roach x2  
  150  18:04  Hatchery  
  149  18:06  Hatchery  
  149  18:08  Roach  
  149  18:12  Overseer  
Tags
 
Add a new tag
Caveats
  • Supply blocks, unpowered buildings, or Contaminate may cause inaccurate times.
  • Supply counts are checked every 10 seconds.